General information
			
			
        
        - name: BNet
 
        - type: Ladder team game (AT/RT)
 
        - host: Battle.net
 
        - saver: HoneyBlunt
 
        
map: Deadlock 
        - players: 8
 
        - length: 17:08
 
        - speed: Fast
 - version: 1.22 W3XP
 - replay type:  Public
 
» download(150 KB)
Players
        team 1 (winner) 
              
              
» 
General-M (
pink | 48 APM | 817 actions | 17:08)
              
 5 Far Seer 
 3 Feral Spirit
 2 Chain Lighting
 
                » actions 
                
                | Assign group hotkey | 3 |  | 
| Basic commands | 4 |  | 
| Build / train | 62 |  | 
| ESC pressed | 1 |  | 
| Enter build submenu | 16 |  | 
| Enter hero's abilities submenu | 5 |  | 
| Right click | 398 |  | 
| Select / deselect | 254 |  | 
| Select group hotkey | 7 |  | 
| Use ability | 67 |  | 
                817 total
 » units 
                
                | Peon | 15 |  | 
| Grunt | 15 |  | 
| Shaman | 3 |  | 
| Tauren | 2 |  | 
| Troll Witch Doctor | 1 |  | 
                36 total
 » upgrades
                
                | Berserker Strength | 1 |  | 
| Shaman Training | 2 |  | 
| Witch Doctor Training | 2 |  | 
| Armor | 2 |  | 
| Spirit Walker Training | 2 |  | 
| Melee Weapons | 2 |  | 
| Pulverize | 1 |  | 
                12 total
 » buildings
                
                | Altar of Storms | 1 |  | 
| Orc Burrow | 5 |  | 
| Barracks | 1 |  | 
| Voodoo Lounge | 1 |  | 
| Stronghold | 1 |  | 
| War Mill | 1 |  | 
| Spirit Lodge | 2 |  | 
| Great Hall | 2 |  | 
| Fortress | 2 |  | 
| Tauren Totem | 2 |  | 
                18 total
 » build order
                00:10 Altar of Storms
00:14 Orc Burrow
00:57 Barracks
01:28 Orc Burrow
01:53 Voodoo Lounge
04:01 Stronghold
04:04 Orc Burrow
06:31 War Mill
06:40 Spirit Lodge
07:37 Great Hall
08:48 Great Hall
10:40 Fortress
10:41 Fortress
13:12 Tauren Totem
13:15 Tauren Totem
13:19 Orc Burrow
13:24 Orc Burrow
14:35 Spirit Lodge
» items
                
                | Healing Salve | 2 |  | 
| Scroll of Town Portal | 1 |  | 
| Lesser Clarity Potion | 1 |  | 
                4 total
  
               
              
              
HoneyBlunt (
yellow | 94 APM | 1611 actions | 17:08)
              
 4 Far Seer 
 2 Feral Spirit
 2 Chain Lighting
 2 Shadow Hunter 
 1 Hex
 1 Healing Wave
 
                » actions 
                
                | Assign group hotkey | 36 |  | 
| Basic commands | 37 |  | 
| Build / train | 53 |  | 
| Enter build submenu | 15 |  | 
| Enter hero's abilities submenu | 6 |  | 
| Remove unit from queue | 1 |  | 
| Right click | 944 |  | 
| Select / deselect | 259 |  | 
| Select group hotkey | 212 |  | 
| Use ability | 48 |  | 
                1611 total
 » units 
                
                | Peon | 10 |  | 
| Grunt | 13 |  | 
| Demolisher | 2 |  | 
| Troll Witch Doctor | 4 |  | 
                29 total
 » upgrades
                
                | Berserker Strength | 1 |  | 
| Armor | 2 |  | 
| Melee Weapons | 2 |  | 
| Witch Doctor Training | 2 |  | 
| Burning Oil | 1 |  | 
| Reinforced Defenses | 1 |  | 
| Spirit Walker Training | 1 |  | 
                10 total
 » buildings
                
                | Altar of Storms | 1 |  | 
| Orc Burrow | 6 |  | 
| Barracks | 2 |  | 
| Stronghold | 1 |  | 
| War Mill | 1 |  | 
| Voodoo Lounge | 1 |  | 
| Great Hall | 1 |  | 
| Spirit Lodge | 1 |  | 
| Fortress | 1 |  | 
                15 total
 » build order
                00:06 Altar of Storms
00:15 Orc Burrow
00:54 Barracks
01:34 Orc Burrow
02:44 Stronghold
03:36 Barracks
03:39 War Mill
04:10 Orc Burrow
05:22 Voodoo Lounge
06:59 Orc Burrow
09:37 Great Hall
10:34 Spirit Lodge
10:36 Fortress
13:06 Orc Burrow
14:08 Orc Burrow
» items
                
                | Healing Salve | 1 |  | 
| Lesser Clarity Potion | 1 |  | 
                2 total
  
               
              
              
JarJarBlunts (
green | 90 APM | 1538 actions | 17:08)
              
 4 Death Knight 
 2 Death Coil
 2 Unholy Aura
 3 Lich 
 2 Frost Nova
 1 Frost Armor
 2 Crypt Lord 
 1 Impale
 1 Spiked Carapace
 
                » actions 
                
                | Assign group hotkey | 33 |  | 
| Build / train | 50 |  | 
| Enter build submenu | 16 |  | 
| Enter hero's abilities submenu | 10 |  | 
| Right click | 761 |  | 
| Select / deselect | 312 |  | 
| Select group hotkey | 296 |  | 
| Use ability | 60 |  | 
                1538 total
 » units 
                
                | Acolyte | 7 |  | 
| Ghoul | 2 |  | 
| Crypt Fiend | 14 |  | 
| Obsidian Statue | 3 |  | 
| Frost Wyrm | 2 |  | 
                28 total
 » upgrades
                » buildings
                
                | Crypt | 1 |  | 
| Ziggurat | 6 |  | 
| Graveyard | 1 |  | 
| Altar of Darkness | 1 |  | 
| Tomb of Relics | 1 |  | 
| Halls of the Dead | 3 |  | 
| Nerubian Tower | 1 |  | 
| Slaughterhouse | 1 |  | 
| Black Citadel | 1 |  | 
| Sacrificial Pit | 1 |  | 
| Boneyard | 2 |  | 
                19 total
 » build order
                00:15 Crypt
00:28 Ziggurat
00:49 Graveyard
00:56 Altar of Darkness
01:35 Ziggurat
01:56 Tomb of Relics
03:39 Halls of the Dead
03:39 Halls of the Dead
03:40 Halls of the Dead
03:53 Nerubian Tower
04:04 Ziggurat
06:36 Slaughterhouse
07:45 Black Citadel
08:32 Ziggurat
09:15 Sacrificial Pit
10:30 Boneyard
11:03 Boneyard
11:15 Ziggurat
13:24 Ziggurat
» items
                
                | Rod of Necromancy | 2 |  | 
| Scroll of Town Portal | 2 |  | 
                4 total
  
               
              
              
Samaroth (
orange | 44 APM | 754 actions | 17:08)
              
 3 Pandaren Brewmaster 
 2 Breath of Fire
 1 Drunken Haze
 3 Priestess of the Moon 
 1 Searing Arrows
 2 Trueshot Aura
 
                » actions 
                
                | Assign group hotkey | 18 |  | 
| Build / train | 67 |  | 
| Enter build submenu | 12 |  | 
| Enter hero's abilities submenu | 6 |  | 
| Give item / drop item | 1 |  | 
| Right click | 334 |  | 
| Select / deselect | 204 |  | 
| Select group hotkey | 79 |  | 
| Use ability | 33 |  | 
                754 total
 » units 
                
                | Wisp | 15 |  | 
| Archer | 18 |  | 
| Druid of the Talon | 11 |  | 
| Chimaera | 1 |  | 
                45 total
 » upgrades
                
                | Strength of the Moon | 3 |  | 
| Improved Bows | 1 |  | 
| Druid of the Talon Training | 2 |  | 
| Marksmanship | 1 |  | 
| Strength of the Wild | 1 |  | 
| Corrosive Breath | 1 |  | 
                9 total
 » buildings
                
                | Moon Well | 4 |  | 
| Altar of Elders | 1 |  | 
| Ancient of War | 1 |  | 
| Tree of Ages | 1 |  | 
| Hunter's Hall | 1 |  | 
| Ancient of Wind | 1 |  | 
| Tree of Eternity | 2 |  | 
| Chimaera Roost | 2 |  | 
| Ancient Protector | 2 |  | 
| Tree of Life | 1 |  | 
                16 total
 » build order
                00:15 Moon Well
00:19 Altar of Elders
00:48 Ancient of War
01:41 Moon Well
02:53 Tree of Ages
02:57 Moon Well
04:12 Hunter's Hall
05:22 Ancient of Wind
05:23 Tree of Eternity
07:35 Moon Well
10:06 Tree of Eternity
13:12 Chimaera Roost
13:12 Chimaera Roost
13:16 Ancient Protector
13:17 Ancient Protector
13:24 Tree of Life
» items
                
                | Dust of Appearance | 1 |  | 
| Scroll of Healing | 1 |  | 
                2 total
  
               team 2 (loser) 
              
              
AlienWorkshop (
purple | 60 APM | 1025 actions | 17:07)
              
 3 Blademaster 
 2 Wind Walk
 1 Critical Strike
 1 Shadow Hunter 
 1 Hex
 
                » actions 
                
                | Assign group hotkey | 11 |  | 
| Basic commands | 20 |  | 
| Build / train | 48 |  | 
| ESC pressed | 4 |  | 
| Enter build submenu | 13 |  | 
| Enter hero's abilities submenu | 4 |  | 
| Remove unit from queue | 1 |  | 
| Right click | 600 |  | 
| Select / deselect | 226 |  | 
| Select group hotkey | 39 |  | 
| Use ability | 59 |  | 
                1025 total
 » units 
                » upgrades
                
                | Melee Weapons | 2 |  | 
| Armor | 3 |  | 
| Ensnare | 1 |  | 
                6 total
 » buildings
                
                | Altar of Storms | 1 |  | 
| Orc Burrow | 5 |  | 
| Barracks | 1 |  | 
| War Mill | 2 |  | 
| Voodoo Lounge | 2 |  | 
| Stronghold | 1 |  | 
| Fortress | 1 |  | 
| Beastiary | 1 |  | 
                14 total
 » build order
                00:05 Altar of Storms
00:07 Orc Burrow
00:10 Orc Burrow
01:04 Barracks
01:34 Orc Burrow
02:35 War Mill
02:54 Voodoo Lounge
04:31 War Mill
05:07 Voodoo Lounge
05:38 Stronghold
05:44 Orc Burrow
08:35 Fortress
08:38 Beastiary
12:45 Orc Burrow
» items
                
                | Scroll of Town Portal | 1 |  | 
| Potion of Healing | 2 |  | 
| Scroll of Speed | 1 |  | 
| Potion of Mana | 1 |  | 
| Healing Salve | 1 |  | 
                6 total
  
               
              
              
Lil.Killa (
teal | 77 APM | 1286 actions | 16:44)
              
 4 Death Knight 
 2 Death Coil
 2 Unholy Aura
 2 Lich 
 1 Frost Nova
 1 Frost Armor
 
                » actions 
                
                | Assign group hotkey | 49 |  | 
| Basic commands | 43 |  | 
| Build / train | 53 |  | 
| Enter build submenu | 13 |  | 
| Enter hero's abilities submenu | 7 |  | 
| Remove unit from queue | 1 |  | 
| Right click | 591 |  | 
| Select / deselect | 246 |  | 
| Select group hotkey | 213 |  | 
| Use ability | 70 |  | 
                1286 total
 » units 
                
                | Acolyte | 2 |  | 
| Ghoul | 6 |  | 
| Crypt Fiend | 18 |  | 
                26 total
 » upgrades
                
                | Creature Attack | 1 |  | 
| Creature Carapace | 1 |  | 
| Burrow | 1 |  | 
                3 total
 » buildings
                
                | Graveyard | 1 |  | 
| Crypt | 1 |  | 
| Altar of Darkness | 1 |  | 
| Ziggurat | 6 |  | 
| Tomb of Relics | 1 |  | 
| Halls of the Dead | 2 |  | 
| Nerubian Tower | 2 |  | 
| Necropolis | 1 |  | 
| Black Citadel | 1 |  | 
                16 total
 » build order
                00:03 Graveyard
00:05 Crypt
00:44 Altar of Darkness
01:01 Ziggurat
01:26 Tomb of Relics
02:35 Ziggurat
02:40 Ziggurat
05:01 Halls of the Dead
06:07 Ziggurat
07:07 Nerubian Tower
07:07 Nerubian Tower
10:08 Ziggurat
11:00 Necropolis
11:27 Ziggurat
12:44 Halls of the Dead
15:50 Black Citadel
» items
                
                | Rod of Necromancy | 5 |  | 
| Potion of Healing | 3 |  | 
| Scroll of Town Portal | 1 |  | 
                9 total
  
               
              
              
MaSS_K0D0S (
red | 106 APM | 1710 actions | 16:09)
              
 3 Death Knight 
 2 Death Coil
 1 Unholy Aura
 2 Lich 
 1 Frost Nova
 1 Dark Ritual
 
                » actions 
                
                | Assign group hotkey | 241 |  | 
| Basic commands | 61 |  | 
| Build / train | 49 |  | 
| Enter build submenu | 15 |  | 
| Enter hero's abilities submenu | 5 |  | 
| Give item / drop item | 1 |  | 
| Remove unit from queue | 4 |  | 
| Right click | 527 |  | 
| Select / deselect | 257 |  | 
| Select group hotkey | 505 |  | 
| Use ability | 45 |  | 
                1710 total
 » units 
                
                | Acolyte | 8 |  | 
| Ghoul | 1 |  | 
| Crypt Fiend | 12 |  | 
| Obsidian Statue | 2 |  | 
                23 total
 » upgrades
                
                | Web | 1 |  | 
| Creature Attack | 1 |  | 
| Creature Carapace | 1 |  | 
| Destroyer Form | 1 |  | 
                4 total
 » buildings
                
                | Crypt | 1 |  | 
| Graveyard | 1 |  | 
| Altar of Darkness | 1 |  | 
| Ziggurat | 5 |  | 
| Tomb of Relics | 1 |  | 
| Halls of the Dead | 1 |  | 
| Black Citadel | 1 |  | 
| Slaughterhouse | 1 |  | 
| Sacrificial Pit | 1 |  | 
                13 total
 » build order
                00:06 Crypt
00:10 Graveyard
00:31 Altar of Darkness
00:48 Ziggurat
01:03 Tomb of Relics
01:17 Ziggurat
04:15 Halls of the Dead
04:33 Ziggurat
06:41 Ziggurat
11:11 Black Citadel
11:27 Slaughterhouse
14:14 Ziggurat
14:49 Sacrificial Pit
» items
                
                | Rod of Necromancy | 1 |  | 
| Boots of Speed | 1 |  | 
| Circlet of Nobility | 1 |  | 
| Scroll of Town Portal | 4 |  | 
| Potion of Mana | 1 |  | 
| Orb of Corruption | 1 |  | 
                9 total
  
               
              
              
» 
SUA-ussatlantis (
blue | 67 APM | 1133 actions | 16:58)
              
 4 Shadow Hunter 
 2 Serpent Ward
 2 Healing Wave
 
                » actions 
                
                | Assign group hotkey | 18 |  | 
| Basic commands | 72 |  | 
| Build / train | 60 |  | 
| Enter build submenu | 10 |  | 
| Enter hero's abilities submenu | 4 |  | 
| Right click | 573 |  | 
| Select / deselect | 173 |  | 
| Select group hotkey | 117 |  | 
| Use ability | 106 |  | 
                1133 total
 » units 
                » upgrades
                
                | Melee Weapons | 2 |  | 
| Berserker Strength | 1 |  | 
| Armor | 2 |  | 
| Spiked Barricades | 1 |  | 
                6 total
 » buildings
                
                | Altar of Storms | 1 |  | 
| Orc Burrow | 3 |  | 
| Voodoo Lounge | 1 |  | 
| Barracks | 2 |  | 
| War Mill | 1 |  | 
| Stronghold | 1 |  | 
| Great Hall | 2 |  | 
| Fortress | 1 |  | 
                12 total
 » build order
                00:06 Altar of Storms
01:03 Orc Burrow
01:10 Voodoo Lounge
01:43 Barracks
01:46 Barracks
02:13 Orc Burrow
02:58 War Mill
04:33 Stronghold
04:43 Orc Burrow
06:19 Great Hall
12:48 Fortress
12:56 Great Hall
» items
                
                | Lesser Clarity Potion | 4 |  | 
| Healing Salve | 4 |  | 
| Scroll of Speed | 2 |  | 
| Potion of Healing | 1 |  | 
| Rod of Necromancy | 2 |  | 
| Scroll of Town Portal | 1 |  | 
                14 total
  
                Chat log
          (00:05 / Allies) Samaroth: enfin ^^
(00:19 / All) Lil.Killa: I wanna pic of the legendary general-m
(00:19 / Allies) General-M: ok
(00:23 / Allies) General-M: toi et moi
(00:23 / All) Lil.Killa: ^^
(00:31 / All) General-M: GET OFF MY NUTS
(00:35 / All) Lil.Killa: yeah, 46n2
(00:37 / All) JarJarBlunts: electronic dick sucking
(00:46 / All) General-M: MY BALLS ARE WASHED CLEAN
(00:55 / Allies) Samaroth: we rush ?
(00:55 / All) Lil.Killa: Honeyblunt's like... 7th RT
(01:06 / All) Samaroth: and me 6th ^^
(01:07 / Allies) General-M: ok
(01:08 / All) HoneyBlunt: u watch ranks eh
(01:08 / Allies) General-M: sam
(01:09 / All) Lil.Killa: general-m is somewhere up there too.
(01:10 / All) JarJarBlunts: what clan u in
(01:12 / Allies) General-M: we are harassing
(01:14 / All) Lil.Killa: ReV
(01:22 / Allies) HoneyBlunt: harass
(01:23 / All) General-M: im number 2...
(01:27 / All) HoneyBlunt: 5
(01:28 / All) JarJarBlunts: so wana just leave and get it over with
(01:32 / All) MaSS_K0D0S: number 786 =S
(01:38 / All) MaSS_K0D0S: xD
(01:42 / Allies) General-M: seriously though sammaroth
(01:46 / Allies) General-M: we MUST harass
(01:48 / Allies) General-M: our side
(01:50 / All) MaSS_K0D0S: im so nub -.-
(01:57 / All) Lil.Killa: I played with you M
(01:59 / All) AlienWorkshop: So uh.. what do you get for being 2nd?
(02:02 / All) AlienWorkshop: Oh wait...
(02:04 / All) AlienWorkshop: Nothing...
(02:09 / All) General-M: THATS MY POINMT
(02:20 / All) Lil.Killa: yeah, I do watch the rankings
(02:21 / All) HoneyBlunt: ppl we dont know, like u, know us
(02:24 / All) HoneyBlunt: thats what wer get
(02:30 / All) Lil.Killa: And I've been to 46n2
(02:38 / All) JarJarBlunts: congrats stfu and play u niggers
(02:53 / Allies) JarJarBlunts: ima creep
(02:54 / Allies) JarJarBlunts: cuz ud
(03:07 / All) AlienWorkshop: What do you get for shittalk?
(03:48 / Allies) HoneyBlunt: tey rush hard
(04:21 / All) Lil.Killa: lol
(04:25 / All) Lil.Killa: I've been harassed
(04:32 / All) Lil.Killa: Worse then that :./
(05:15 / Allies) General-M: get dust
(05:43 / Allies) HoneyBlunt: we need to hit jar
(05:44 / Allies) JarJarBlunts: omw
(06:30 / Allies) JarJarBlunts: hit
(07:19 / Allies) JarJarBlunts: dk
(07:19 / Allies) JarJarBlunts: dk
(09:19 / Allies) General-M: acos
(09:41 / Allies) HoneyBlunt: oops
(10:41 / Allies) HoneyBlunt: b
(10:42 / Allies) HoneyBlunt: b
(10:42 / Allies) HoneyBlunt: b
(10:42 / Allies) HoneyBlunt: b
(11:03 / Allies) HoneyBlunt: ewe need to regtoup
(11:07 / Allies) HoneyBlunt: and hit the expo
(11:16 / Allies) General-M: we will 
(11:18 / Allies) General-M: be calm
(11:39 / Allies) JarJarBlunts: are his acolytes dead
(11:43 / Allies) HoneyBlunt: n
(11:54 / Allies) General-M: yay
(12:02 / Allies) General-M: come
(12:05 / Allies) General-M: we must work quickly
(12:21 / Allies) General-M: im coming
(12:52 / Allies) Samaroth: meet and donw
(14:13 / Allies) JarJarBlunts: let me get a tp
(14:14 / Allies) JarJarBlunts: real fast
(14:32 / Allies) JarJarBlunts: k
(14:40 / Allies) HoneyBlunt: fotrce
(14:40 / Allies) General-M: go
(14:49 / Allies) General-M: main
(15:02 / All) SUA-ussatlantis: shit tp
(15:11 / Allies) General-M: 3v4
(15:12 / Allies) General-M: GO
(15:49 / All) JarJarBlunts: yeah ok
(15:52 / All) JarJarBlunts: thats what talk does.
(15:57 / All) Lil.Killa: loL
(16:01 / All) Lil.Killa: you won a 4s
(16:02 / All) AlienWorkshop: Does it?
(16:06 / All) Lil.Killa: And you're bragging?
(16:09 / All) JarJarBlunts: yes
(16:10 / All) AlienWorkshop: Talk doesn't do anything.
(16:17 / All) AlienWorkshop: It's still talk.
(16:20 / All) General-M: im not bragging...
(16:22 / All) General-M: they are
(16:25 / All) Lil.Killa: Actually, I thought staying on this game for 15 hours out of the day does this.
(16:26 / All) JarJarBlunts: i am :D
(16:27 / All) Lil.Killa: :o
(16:39 / All) General-M: i go to college..
(16:40 / All) Lil.Killa: Gl with your lives...
(16:48 / All) General-M: and half my time is spent writing papers =/
(16:50 / All) AlienWorkshop: I suggest you guys replace JarJar.
(17:00 / All) HoneyBlunt: gg
(17:01 / All) AlienWorkshop: He's the douche of the team. So sorry.
(17:03 / All) AlienWorkshop: gg